Map: Lightshade LE

Players

Massa - Winner!

  • Race: Terran Terran
  • League: Platinum
  • Spawn Location: 5:00

Denji

  • Race: Zerg Zerg
  • League: Diamond
  • Spawn Location: 11:00

VOD

Have the link to the VOD?

Description

Time

  • Played on: Feb. 26, 2021, 3:29 p.m.
  • Length: 15:21
Show
View Real Time Build Order
Export as new Build Order

Massa Terran - Winner!

Build Orders: Hellion Banshee 

Get SALT Encoding   

  12  0:00  SCV  
  13  0:13  SCV  
  14  0:21  Supply Depot  
  14  0:25  SCV  
  16  0:42  SCV  
  16  0:43  Barracks  
  16  0:51  Refinery  
  16  0:55  SCV  
  17  1:07  SCV  
  18  1:19  SCV  
  19  1:31  Orbital Command  
  19  1:40  Command Center  
  19  1:45  Barracks Reactor  
  19  1:53  Supply Depot  
  19  2:00  SCV  
  20  2:11  Factory  
  20  2:17  SCV  
  20  2:21  Marine  
  20  2:22  Marine  
  23  2:29  SCV  
  24  2:39  Marine x2, Supply Depot  
  26  2:48  SCV  
  27  2:53  Orbital Command  
  27  2:57  Marine x2  
  27  2:58  Starport  
  29  3:28  Hellion x2  
  29  3:30  Barracks Tech Lab  
  33  3:35  SCV x2  
  33  3:37  Starport Tech Lab  
  35  3:45  Barracks  
  35  3:47  Refinery, SCV  
  36  3:49  Hellion x2  
  36  3:53  SCV  
  41  3:59  SCV  
  42  4:17  Hellion x2  
  44  4:37  Marine x2  
  40  4:51  Banshee  
  39  4:55  Marine x2  
  39  5:00  Cloaking Field  
  39  5:02  Widow Mine x2  
  43  5:12  Marine  
  44  5:14  Command Center  
  44  5:16  Barracks  
  44  5:19  SCV x2, Barracks  
  46  5:23  Refinery  
  46  5:25  Refinery  
  46  5:31  SCV  
  46  5:32  Widow Mine x2  
  46  5:33  Marauder  
  53  5:42  Supply Depot x3  
  53  5:43  Supply Depot x2  
  53  5:45  Banshee  
  53  5:48  Barracks Tech Lab  
  56  5:52  Stimpack  
  56  5:54  Marauder  
  58  5:59  SCV x2  
  60  6:11  SCV x2  
  61  6:14  Barracks Reactor x2  
  64  6:18  Hellion  
  64  6:20  Hellion  
  64  6:23  SCV x2  
  68  6:28  Banshee  
  68  6:30  SCV  
  72  6:35  SCV x2  
  72  6:37  Engineering Bay  
  72  6:38  Combat Shield  
  74  6:48  SCV x2  
  74  6:51  Marauder x2, Marine x2  
  74  6:52  Marine  
  75  7:30  Marauder x2, Marine x3  
  75  7:32  Widow Mine x2, Concussive Shells  
  82  7:51  Marauder  
  77  8:10  Widow Mine x2  
  77  8:11  Medivac  
  82  8:27  Marauder x2, Marine x4  
  82  8:30  SCV  
  82  8:31  SCV  
  90  8:41  Medivac  
  89  8:42  SCV  
  89  8:43  SCV  
  89  8:45  Marine x2  
  95  8:48  Marauder  
  95  8:49  Marauder  
  95  8:55  SCV x2  
  96  8:58  Planetary Fortress  
  97  9:07  SCV x2  
  97  9:08  Widow Mine x2  
  103  9:11  Medivac  
  105  9:19  SCV  
  106  9:39  Marauder x2, Marine  
  106  9:41  Medivac  
  113  9:51  Barracks  
  113  9:54  Starport, Barracks  
  113  9:55  Factory, Terran Infantry Weapons Level 1, Supply Depot  
  113  9:56  Supply Depot x2  
  110  10:01  Marauder x2  
  110  10:20  Supply Depot  
  110  10:22  Marauder x2, Supply Depot  
  110  10:24  SCV x2  
  110  10:25  SCV  
  117  10:28  Refinery  
  117  10:30  Refinery  
  117  10:33  Armory  
  117  10:34  Starport Reactor  
  117  10:37  SCV x3  
  120  10:44  Marauder  
  120  10:49  SCV  
  123  10:52  Widow Mine, Factory Tech Lab  
  123  10:53  Widow Mine  
  129  10:57  Marauder, Marine  
  129  10:58  Barracks Tech Lab x2  
  129  10:59  Marine x3  
  129  11:03  SCV x3  
  136  11:05  Marauder  
  136  11:08  Sensor Tower  
  138  11:14  Widow Mine, Missile Turret x2  
  138  11:15  SCV x2, Marine  
  138  11:16  Marine  
  138  11:17  Marine x2  
  148  11:18  Marauder  
  148  11:19  Missile Turret  
  148  11:20  Missile Turret  
  148  11:21  Missile Turret  
  148  11:22  Missile Turret  
  148  11:23  Missile Turret  
  148  11:26  Marauder  
  148  11:28  Missile Turret x2  
  148  11:29  Medivac  
  148  11:30  Missile Turret  
  148  11:31  Missile Turret  
  152  11:33  Missile Turret  
  152  11:36  Viking  
  152  11:37  Command Center, Viking  
  156  11:48  Supply Depot  
  156  11:51  Supply Depot x2  
  156  11:53  Terran Infantry Armor Level 1, Supply Depot  
  156  11:54  Terran Vehicle Weapons Level 1  
  156  11:56  Engineering Bay  
  156  12:09  Siege Tank  
  156  12:10  Widow Mine x2, Marauder  
  156  12:12  Marauder  
  156  12:13  Supply Depot  
  156  12:15  Supply Depot  
  166  12:31  Widow Mine, Marauder  
  170  12:41  Siege Tank  
  173  12:53  Marauder x4, Marine  
  173  12:54  Marine x3  
  185  12:59  Planetary Fortress  
  185  13:01  SCV x3  
  188  13:06  Widow Mine x2, Medivac  
  188  13:08  Medivac x2  
  188  13:11  Marine x2  
  200  13:44  Refinery  
  200  13:48  Refinery  
  200  13:56  Command Center  
  172  14:13  Medivac x3  
  172  14:14  Marauder x3, Marine  
  172  14:15  Marauder, Marine x3  
  183  14:35  Widow Mine x2, Siege Tank  
  183  14:36  Marauder x2  
  194  14:51  Medivac  
  200  14:56  Marine x3  
  200  14:57  Widow Mine x2  
Show
View Real Time Build Order
Export as new Build Order

Denji Zerg 

Build Orders: Hatch First 

Get SALT Encoding   

  12  0:00  Drone  
  13  0:12  Overlord  
  13  0:16  Drone  
  14  0:31  Drone x2  
  14  0:35  Drone  
  17  0:52  Hatchery  
  17  0:55  Drone  
  17  0:59  Drone  
  18  1:13  Spawning Pool  
  18  1:14  Drone  
  18  1:18  Drone  
  19  1:28  Drone  
  19  1:32  Extractor  
  19  1:40  Drone  
  20  1:52  Drone  
  21  2:01  Drone  
  21  2:06  Drone  
  23  2:12  Drone  
  23  2:14  Queen  
  26  2:16  Queen  
  26  2:21  Hatchery  
  26  2:22  Overlord  
  27  2:28  Overlord  
  27  2:30  Drone  
  28  2:40  Drone  
  28  2:42  Drone  
  28  2:44  Drone  
  31  2:47  Drone  
  31  2:51  Lair  
  32  2:56  Drone  
  33  2:59  Queen  
  33  3:01  Drone  
  36  3:06  Drone  
  36  3:08  Drone  
  38  3:17  Overlord  
  38  3:20  Overlord  
  38  3:37  Drone  
  38  3:38  Drone x6  
  38  3:39  Roach Warren  
  44  3:43  Evolution Chamber  
  44  3:44  Drone x2  
  44  3:46  Queen  
  47  3:49  Drone  
  47  3:53  Overlord  
  47  3:55  Drone  
  49  3:56  Drone  
  49  3:59  Extractor  
  49  4:02  Extractor  
  48  4:08  Spine Crawler  
  48  4:09  Spine Crawler  
  41  4:19  Roach x4  
  41  4:22  Roach  
  41  4:23  Roach x2  
  45  4:35  Roach x3  
  44  4:41  Drone x2  
  43  4:57  Drone x5  
  48  5:00  Drone  
  48  5:03  Drone  
  50  5:10  Drone  
  50  5:11  Drone x2  
  53  5:16  Drone  
  54  5:21  Queen  
  54  5:24  Drone  
  54  5:26  Drone  
  58  5:30  Overlord  
  58  5:34  Overlord  
  58  5:48  Drone x5  
  58  5:49  Glial Reconstitution  
  63  5:50  Drone  
  63  5:51  Drone  
  63  5:55  Queen  
  67  5:58  Drone  
  67  6:00  Drone  
  67  6:01  Drone  
  70  6:07  Drone x3  
  73  6:12  Drone  
  73  6:15  Spine Crawler, Overlord  
  73  6:21  Overlord  
  73  6:24  Drone  
  74  6:28  Extractor  
  74  6:29  Drone  
  74  6:31  Zerg Missile Weapons Level 1  
  74  6:35  Evolution Chamber  
  74  6:39  Drone  
  74  6:40  Drone x6  
  74  6:45  Drone x2  
  74  6:46  Queen  
  84  6:49  Drone x2  
  84  6:51  Overlord  
  86  6:55  Drone x2  
  86  6:56  Drone  
  89  7:01  Hydralisk Den  
  89  7:04  Drone  
  89  7:05  Drone  
  89  7:06  Infestation Pit  
  85  7:10  Spore Crawler  
  85  7:11  Overseer  
  74  7:26  Spore Crawler  
  62  7:55  Spore Crawler  
  62  7:57  Spore Crawler  
  46  8:03  Hydralisk x12  
  46  8:04  Hydralisk  
  60  8:17  Hydralisk  
  60  8:18  Hydralisk  
  64  8:23  Drone x4  
  66  8:43  Hydralisk x3  
  68  8:59  Hatchery  
  68  9:02  Drone x2  
  69  9:03  Drone  
  69  9:08  Drone  
  71  9:23  Hydralisk x2  
  73  9:25  Drone  
  73  9:26  Drone  
  73  9:29  Drone  
  78  9:32  Drone  
  79  9:40  Drone x2  
  79  9:41  Drone  
  82  9:53  Drone  
  82  9:54  Drone x4  
  83  10:09  Drone x7  
  83  10:12  Drone  
  91  10:20  Spore Crawler  
  90  10:23  Drone x5  
  95  10:39  Hydralisk  
  95  10:41  Drone  
  98  10:44  Overlord x5  
  98  10:47  Zerg Missile Weapons Level 2  
  98  10:48  Zerg Ground Armor Level 1  
  98  10:54  Grooved Spines  
  98  11:01  Queen  
  98  11:02  Extractor  
  98  11:03  Extractor  
  98  11:14  Drone x8  
  106  11:19  Hatchery  
  106  11:21  Drone x4  
  106  11:25  Drone x3  
  112  11:37  Drone x4  
  112  11:38  Drone  
  117  11:58  Drone x5  
  117  11:59  Hydralisk x4  
  130  12:11  Overlord x2  
  130  12:12  Overlord x3  
  130  12:23  Muscular Augments  
  130  12:31  Hydralisk x10  
  130  12:32  Hydralisk x2  
  130  12:36  Extractor  
  130  12:37  Extractor  
  152  12:43  Hydralisk x6  
  164  12:51  Zerg Ground Armor Level 2, Hive  
  164  13:07  Hydralisk x2  
  164  13:11  Overlord  
  164  13:12  Overlord x4  
  168  13:14  Hatchery  
  167  13:35  Hydralisk x12  
  175  14:03  Overseer x3  
  175  14:05  Hydralisk x13  
  145  14:12  Hydralisk x4  
  135  14:19  Hydralisk x3  
  139  14:24  Hydralisk x2  
  139  14:25  Hydralisk  
  139  14:30  Hydralisk x2  
  145  14:36  Drone x4  
  145  14:37  Drone  
  125  14:38  Drone  
  120  14:50  Hydralisk  
  120  14:56  Hydralisk x2  
  102  15:02  Roach  
  86  15:12  Hatchery  
Tags
 
Composition
Hellion Banshee
Matchup
TvZ
Replay Pack
Multiplayer
Spawn Locations
Cross Positions
Add a new tag
Caveats
  • Supply blocks, unpowered buildings, or Contaminate may cause inaccurate times.
  • Supply counts are checked every 10 seconds.